 Dungeon Crawl Stone Soup version 0.32-a0-975-g85d4e5bfdb (webtiles) character file.

Game seed: 10012703168741973393

552 Shayle the Ducker (level 7, -1/56 HPs)
             Began as a Coglin Alchemist on Apr 18, 2024.
             Killed from afar by Ijyb (5 damage)
             ... with a puff of flame
             ... on level 4 of the Dungeon.
             The game lasted 00:24:40 (4140 turns).

Shayle the Ducker (Coglin Alchemist)                Turns: 4140, Time: 00:25:10

Health: -1/56      AC:  3    Str: 10    XL:     7   Next: 29%
Magic:  8/9        EV: 13    Int: 15    God:
Gold:   32         SH:  0    Dex: 14    Spells: 5/9 levels left

rFire   . . .        q - +0 war axe {Helluur}
rCold   . . .        m - +0 trident {Nimrit}
rNeg    . . .        a - +0 robe
rPois   .            (no helmet)
rElec   .            (no cloak)
rCorr   .            o - +0 pair of gloves
SInv    .            (no boots)
Will    .....        (amulet unavailable)
Stlth   ++           (ring unavailable)
HPRegen 0.29/turn    (ring unavailable)
MPRegen 0.11/turn    (no gizmo)

%: no passive effects
@: lethally poisoned (-1 -> -3), invisible, revved
A: off-hand wielding, slow wielding, warmup strikes, no jewellery
a: Invent Gizmo


You were on level 4 of the Dungeon.
You visited 1 branch of the dungeon, and saw 4 of its levels.

You collected 175 gold pieces.
You spent 143 gold pieces at shops.

Inventory:

Hand Weapons
 d - a +0 short sword {Hwan}
 g - a +0 dagger {Uttamveer}
 m - a +0 trident (offhand) {Nimrit}
 n - a +0 sling
 q - a +0 war axe (weapon) {Helluur}
Armour
 a - a +0 robe (worn)
 o - a +0 pair of gloves (worn)
Scrolls
 h - a scroll of identify
 i - 2 scrolls of noise
 r - a scroll of fog
 s - 2 scrolls of teleportation
 t - a scroll of amnesia
Potions
 b - a potion of magic
 c - a potion of degeneration
 f - 2 potions of resistance
 j - a potion of attraction
 k - a potion of mutation
 l - 2 potions of cancellation
 p - a potion of enlightenment


   Skills:
 + Level 5.1 Fighting
 + Level 5.1 Dodging
 - Level 1.5 Stealth
 - Level 1.7 Spellcasting
 - Level 0.8 Conjurations
 - Level 3.2 Alchemy


You had 5 spell levels left.
You knew the following spells:

 Your Spells              Type           Power      Damage    Failure   Level
a - Sting                 Conj/Alch      28%        1d4       10%         1
b - Mephitic Cloud        Conj/Alch/Air  5%         N/A       36%         3

Your spell library contained the following spells:

 Spells                   Type           Power      Damage    Failure   Level
 Mercury Vapours          Alch/Air       12%        N/A       17%         2
 Kiss of Death            Conj/Necr      8%         2d6       19%         1
 Dazzling Flash           Conj/Hex       4%         N/A       50%         3
 Olgreb's Toxic Radiance  Alch           11%        N/A       52%         4
 Confusing Touch          Hex            1%         N/A       56%         3
 Sticky Flame             Fire/Alch      6%         2d4       75%         4
 Dispel Undead            Necr           1%         3d6       92%         4
 Starburst                Conj/Fire      1%         6d3       100%        6
 Fulsome Fusillade        Conj/Alch      3%         (3-5)d4   100%        8


Dungeon Overview and Level Annotations

Branches:
Dungeon (4/15)
 Temple: D:4-7

Altars:
Uskayaw

Shops:
D:4 ?

Annotations:
D:4 Ijyb


Innate Abilities, Weirdness & Mutations

You can wield a second weapon in your off-hand.
It takes a long time for you to wield or remove held weapons.
Your first few attacks do less damage.
You cannot equip rings or amulets.


Message History

Your Fighting skill increases to level 5!
You miss the adder with your +0 trident.
You strike the helpless adder from behind!
You hit the adder with your +0 war axe.
You feel very sick. The adder closely misses you. The adder bites you.
* * * LOW HITPOINT WARNING * * *
You are more poisoned.
The adder poisons you!
Okay, then.
You barely miss the adder with your +0 trident.
The adder is moderately wounded.
You slash the adder with your +0 war axe!
You kill the adder!
* * * LOW HITPOINT WARNING * * *
You feel very sick.
You strike the helpless Ijyb from behind!
You hit Ijyb with your +0 trident.
Ijyb is lightly wounded.
You hit Ijyb with your +0 war axe.
* * * LOW HITPOINT WARNING * * *
You feel very sick.
Ijyb zaps a wand.
The puff of flame misses you. Ijyb closely misses you.
You slash Ijyb with your +0 war axe!
Ijyb is severely wounded.
You catch the helpless Ijyb completely off-guard!
You hit Ijyb with your +0 trident.
You feel sick. Ijyb closely misses you.
You hit Ijyb but do no damage.
Ijyb is severely wounded.
You slash Ijyb with your +0 war axe!
* * * LOW HITPOINT WARNING * * *
You feel sick. Ijyb hits you but does no damage. Ijyb closely misses you.
Unknown command.
You closely miss Ijyb with your +0 trident.
Ijyb is almost dead.
You hit Ijyb but do no damage.
You feel sick.
Ijyb screams, "Level is mine!
All mine!"
Ijyb zaps a wand.
The puff of flame hits you.
You die...
Ijyb screams, "Time for next experiment!"

#.....................
#.......####....#.##..
#.......# ######..###
#.......# ##.#
#######################.#
.......######...........#
!.............###########
.........######### #
.........g@....... #
.........######### #
.........# # .........# #
...)....## # .......## #
####### # #


You could see Ijyb (unable to see you).

Vanquished Creatures
  Sigmund (D:2)
  A black bear (D:3)
  A scorpion (D:4)
  A bombardier beetle (D:4)
  2 orc wizards (D:3)
  4 adders
  3 dart slugs
  14 orcs
  7 ball pythons
  7 bats
  12 endoplasms
  4 giant cockroaches
  8 goblins
  7 hobgoblins
  3 jackals (D:1)
  7 kobolds
  3 quokkas
  11 frilled lizards
  5 rats
101 creatures vanquished.

Notes
Turn   | Place    | Note
-------+----------+-------------------------------------------
     0 | D:1      | Shayle the Coglin Alchemist began the quest for the Orb.
     0 | D:1      | Reached XP level 1. HP: 13/13 MP: 3/3
   285 | D:1      | Reached skill level 1 in Fighting
   285 | D:1      | Reached XP level 2. HP: 20/21 MP: 1/4
   795 | D:1      | Reached XP level 3. HP: 26/26 MP: 2/5
  1655 | D:2      | Noticed Sigmund
  1670 | D:2      | Killed Sigmund
  1671 | D:2      | Reached XP level 4. HP: 33/37 MP: 0/6
  1671 | D:2      | Reached XP level 5. HP: 37/42 MP: 0/7
  1968 | D:2      | Learned a level 3 spell: Mephitic Cloud
  1970 | D:2      | Found a faded altar of an unknown god.
  2105 | D:2      | Reached XP level 6. HP: 47/48 MP: 5/8
  2452 | D:3      | Noticed a black bear
  3373 | D:3      | Killed a black bear
  3796 | D:4      | Reached XP level 7. HP: 55/55 MP: 3/9
  3850 | D:4      | Found Cama's Magic Scroll Boutique.
  3859 | D:4      | Bought a scroll of identify for 22 gold pieces
  3859 | D:4      | Bought a scroll of identify for 22 gold pieces
  3859 | D:4      | Bought a scroll of fog for 44 gold pieces
  3859 | D:4      | Bought a scroll of teleportation for 33 gold pieces
  3859 | D:4      | Bought a scroll of identify for 22 gold pieces
  3960 | D:4      | Found a hide-covered altar of Uskayaw.
  4035 | D:4      | Reached skill level 5 in Dodging
  4121 | D:4      | Noticed Ijyb
  4135 | D:4      | Reached skill level 5 in Fighting
  4140 | D:4      | Killed from afar by Ijyb

Illustrated notes

Levels and vault maps discovered:
D:1:      scummos_arrival_simple_fountains, layout_basic
D:2:      layout_basic, dilly_ecumenical_altar_fadedgnrine, uniq_sigmund
D:3:      layout_basic, grunt_ministairs_1
D:4:      layout_rooms, nicolae_uskayaw_dance_hall, serial_shops, shop,
          uniq_ijyb

Skill      XL: |  1  2  3  4  5  6  7 |
---------------+----------------------+-----
Dodging        | 2 4 5 |  5.1
Fighting       | 1 3 4 5 |  5.1
Stealth        | |  1.5
Spellcasting   | |  1.7
Conjurations   | |  0.8
Alchemy        | |  3.2

Action                     |  1- 3 |  4- 6 |  7- 9 || total
---------------------------+-------+-------+-------++-------
  Melee: Unarmed           |     3 |       |       ||     3
         Short sword       |    50 |    42 |       ||    92
         Dagger            |    41 |     7 |       ||    48
         Trident           |       |    56 |    33 ||    89
         War axe           |       |    18 |    34 ||    52
   Cast: Sting             |    63 |    32 |       ||    95
         Mephitic Cloud    |       |     4 |     1 ||     5
    Use: Scroll            |     2 |     1 |     7 ||    10
         Potion            |       |       |     1 ||     1
   Stab: Sleeping          |     1 |     3 |     1 ||     5
         Confused          |       |     3 |       ||     3
         Invisible         |       |       |     4 ||     4
 Armour: Robe              |    32 |    45 |    23 ||   100
  Dodge: Dodged            |    53 |    49 |    33 ||   135

Table legend: (Time is in decaauts)
 A = Elapsed time spent in this place.
 B = Non-inter-level travel time spent in this place.
 C = Inter-level travel time spent in this place.
 D = Time resting spent in this place.
 E = Time spent auto-exploring this place.
 F = Levels seen in this place.
 G = Mean time per level.
                   A        B        C        D        E       F      G
               +--------+--------+--------+--------+--------+-----+--------+
         Total |   4170 |   3981 |    189 |    304 |   2752 |   4 | 1042.5 |
       Dungeon |   4170 |   3981 |    189 |    304 |   2752 |   4 | 1042.5 |
               +--------+--------+--------+--------+--------+-----+--------+

Top non-repeatable levels by time:
     D:2: 1364 daAuts
     D:1: 1279 daAuts
     D:3: 1121 daAuts
     D:4: 405 daAuts
